 Dungeon Crawl Stone Soup version 0.27-a0-705-ga0013940fb (webtiles) character file.

Game seed: 7619556270433627979

1 jasper the Sneak (level 1, -1/18 HPs)
             Began as a Demonspawn Delver on Mar 22, 2021.
             Shot with an arrow by a centaur (10 damage)
             ... on level 5 of the Dungeon.
             The game lasted 00:00:26 (58 turns).

jasper the Sneak (Demonspawn Delver)                  Turns: 58, Time: 00:00:26

Health: -1/18      AC:  3    Str: 12    XL:     1   Next: 16%
Magic:  1/1        EV: 11    Int: 11    God:
Gold:   0          SH:  0    Dex: 14    Spells: 0/0 levels left

rFire    . . .     SeeInvis .   a - +0 hand axe
rCold    . . .     Faith    .   (no shield)
rNeg     . . .     Spirit   .   b - +0 leather armour
rPois    .         Reflect  .   (no helmet)
rElec    .         Harm     .   (no cloak)
rCorr    .         Rampage  .   (no gloves)
Will     .....                  (no boots)
Stlth    ++........             (no amulet)
HPRegen  0.06/turn              (no ring)
MPRegen  0.07/turn              (no ring)

@: no status effects
A: no striking features
a: no special abilities


You were on level 5 of the Dungeon.
You visited 1 branch of the dungeon, and saw 2 of its levels.

Inventory:

Hand Weapons
 a - a +0 hand axe (weapon)
Armour
 b - a +0 leather armour (worn)
Wands
 g - a wand of digging (3)
Scrolls
 c - a scroll of fog
 d - a scroll of magic mapping
 e - a scroll of fear
Potions
 f - a potion of haste
 h - 2 potions of magic {unknown}
 i - a potion of lignification {unknown}


   Skills:
 - Level 3.0 Fighting
 + Level 1.9 Axes
 - Level 1.7 Dodging
 - Level 4.5 Stealth


You couldn't memorise any spells.
You didn't know any spells.
Your spell library was empty.

Dungeon Overview and Level Annotations

Branches:
Dungeon (6/15)
 Temple: D:4-7

Altars:


Message History

Okay, then.
You start waiting.
A quokka is nearby!
You closely miss the quokka. The quokka barely misses you.
The quokka misses you.
You closely miss the quokka. The quokka closely misses you.
You closely miss the quokka. The quokka misses you.
A howler monkey comes into view.
The quokka closely misses you.
The howler monkey moves out of view.
You hit the quokka.
The quokka is heavily wounded.
The quokka bites you but does no damage.
You closely miss the quokka.
The quokka is heavily wounded.
The quokka barely misses you. The quokka bites you.
You take 3 damage, and have 15/18 hp.
You completely miss the quokka.
The quokka is heavily wounded.
The quokka twitches its whiskers.
The quokka misses you.
You hit the quokka.
You kill the quokka!
You start resting.
A howler monkey is nearby!
The howler monkey howls!
You see here a quokka corpse.
A centaur comes into view.
The howler monkey hoots and howls with incredible vigour!
You hear a shout!
The centaur shouts!
You hear a shout!
You hear a bark! x2
The centaur wields a +0 shortbow.
The centaur shoots an arrow.
The arrow barely misses you.
The centaur shoots an arrow.
The arrow hits you!
An orc wizard comes into view. It is wielding a +0 dagger.
There is a stone staircase leading up here.
You take 7 damage, and have 9/18 hp.
MASSIVE DAMAGE!!
The centaur shoots an arrow.
The arrow barely misses you.
The howler monkey hoots and howls with incredible vigour!
The centaur shoots an arrow.
The arrow hits you!
Ouch! That really hurt!
You die...

### #....# ### ...
+....+ .. #... #....#
... ..# .....#....#
......#
.....#....##+#......#
#........#...# ...#
#........#...##...####
...#.#@....h..#...#...
...c...............'...
.o.......#...#†#...#..
...#.#.###...#.....#
....... #...##....# ..
....#. ######....##.#
#.#..#. #....#.. ....
#. ##h..#.# .# #..##.#


You could see a centaur, a howler monkey (catching breath) and an orc wizard.

Vanquished Creatures
  A quokka (D:5)
1 creature vanquished.

Notes
Turn   | Place    | Note
-------+----------+-------------------------------------------
     0 | D:5      | jasper the Demonspawn Delver began the quest for the Orb.
     0 | D:5      | Reached XP level 1. HP: 18/18 MP: 1/1
     1 | D:6      | Noticed a worker ant
    43 | D:5      | Noticed a howler monkey
    55 | D:5      | Noticed a centaur
    57 | D:5      | Noticed an orc wizard
    58 | D:5      | Shot with an arrow by a centaur

Illustrated notes

Levels and vault maps discovered:
D:5:      layout_basic, basic_altar, minmay_divided_ellipse
D:6:      layout_loops_ring, lemuel_coloured_pillars_altar,
          nicolae_ashenzari_skybound, uniq_edmund

Action                   || total
-------------------------++-------
Melee: Hand axe          ||     7
Armor: Leather armour    ||     1
Dodge: Dodged            ||     9

Table legend: (Time is in decaauts)
 A = Elapsed time spent in this place.
 B = Non-inter-level travel time spent in this place.
 C = Inter-level travel time spent in this place.
 D = Time resting spent in this place.
 E = Time spent auto-exploring this place.
 F = Levels seen in this place.
 G = Mean time per level.
                   A        B        C        D        E       F      G
               +--------+--------+--------+--------+--------+-----+--------+
         Total |     59 |     50 |      9 |      6 |     20 |   2 |   29.5 |
       Dungeon |     59 |     50 |      9 |      6 |     20 |   2 |   29.5 |
               +--------+--------+--------+--------+--------+-----+--------+

Top non-repeatable levels by time:
     D:5: 58 daAuts
     D:6: 1 daAuts
